Map: Goldenaura LE

Players

Dark

  • Race: Zerg Zerg
  • Spawn Location: 12:00

Future - Winner!

  • Race: Terran Terran
  • League: Grandmaster
  • Spawn Location: 5:00

VOD

Have the link to the VOD?

Description

Time

  • Played on: Oct. 23, 2023, 8:28 p.m.
  • Length: 11:28
Show
View Real Time Build Order
Export as new Build Order

Dark Zerg 

Build Orders: Hatch First 

Get SALT Encoding   

  12  0:00  Drone  
  13  0:13  Overlord  
  13  0:17  Drone  
  14  0:31  Drone x2  
  16  0:47  Hatchery  
  15  0:52  Drone  
  15  0:55  Drone  
  17  1:05  Drone  
  18  1:12  Spawning Pool  
  18  1:15  Drone  
  18  1:19  Drone  
  19  1:29  Drone  
  20  1:42  Drone  
  20  1:45  Hatchery  
  20  1:50  Drone  
  21  1:59  Queen  
  21  2:00  Zergling x2  
  24  2:04  Zergling x2  
  25  2:11  Queen  
  27  2:16  Overlord  
  27  2:19  Drone  
  28  2:35  Drone x4  
  28  2:36  Queen  
  34  2:44  Overlord  
  34  2:48  Drone  
  35  2:55  Drone  
  35  2:56  Queen  
  38  2:59  Queen  
  38  3:01  Drone  
  38  3:04  Drone x2  
  43  3:10  Drone x2  
  44  3:15  Queen  
  47  3:20  Drone x3  
  47  3:23  Drone  
  50  3:31  Overlord  
  50  3:33  Roach Warren  
  49  3:35  Drone  
  49  3:39  Extractor x2  
  49  3:40  Extractor  
  47  3:44  Drone x3  
  50  3:51  Zergling x4  
  50  3:52  Drone x6  
  58  3:58  Overlord  
  58  3:59  Overlord  
  58  4:03  Overlord  
  60  4:17  Roach x4  
  60  4:19  Drone x3  
  60  4:20  Drone  
  70  4:26  Roach x3  
  70  4:30  Roach  
  78  4:32  Drone x3  
  78  4:35  Drone  
  82  4:42  Lair  
  82  4:43  Overlord  
  82  4:46  Overlord  
  82  4:48  Overlord  
  82  4:51  Overlord  
  81  4:55  Overlord  
  81  4:56  Overlord  
  81  5:03  Roach x3  
  81  5:04  Drone x2  
  81  5:06  Drone x2  
  91  5:07  Drone  
  91  5:09  Drone  
  91  5:10  Drone  
  94  5:16  Drone, Evolution Chamber  
  94  5:17  Evolution Chamber  
  94  5:18  Drone x2  
  95  5:26  Drone x2  
  95  5:27  Drone x2  
  95  5:28  Drone x4  
  102  5:29  Extractor  
  102  5:30  Drone x2  
  102  5:33  Drone x2  
  106  5:37  Extractor  
  106  5:39  Extractor  
  106  5:42  Zerg Missile Weapons Level 1  
  104  5:43  Zerg Ground Armor Level 1  
  104  5:44  Drone  
  105  5:53  Hatchery  
  105  5:55  Roach x4  
  112  6:01  Metabolic Boost  
  112  6:02  Roach x3  
  118  6:09  Overseer  
  118  6:12  Drone  
  118  6:16  Hatchery  
  118  6:17  Ravager x3  
  121  6:19  Drone, Overlord  
  121  6:20  Overlord  
  122  6:32  Drone, Overlord  
  123  6:34  Infestation Pit, Overlord  
  123  6:36  Overlord  
  123  6:39  Drone x5  
  132  6:40  Drone x5  
  132  6:47  Hatchery  
  132  6:49  Roach x2  
  132  6:50  Overseer  
  132  6:52  Spore Crawler  
  125  6:55  Spore Crawler  
  125  6:58  Spore Crawler  
  125  7:01  Roach x3  
  115  7:05  Glial Reconstitution  
  111  7:10  Spore Crawler  
  111  7:12  Hydralisk Den  
  111  7:15  Spore Crawler, Roach  
  111  7:16  Spore Crawler, Roach x5  
  111  7:17  Roach  
  119  7:24  Roach x4  
  119  7:27  Spore Crawler  
  116  7:31  Roach x2  
  102  7:45  Hydralisk x4  
  102  7:47  Hydralisk  
  102  7:50  Hydralisk  
  97  7:53  Hydralisk  
  93  8:02  Hydralisk x2  
  90  8:06  Hydralisk  
  84  8:19  Drone x4  
  76  8:21  Drone  
  71  8:32  Hydralisk x2  
  55  8:41  Drone  
  55  8:43  Drone x3  
  55  8:45  Drone x2  
  55  8:47  Drone  
  60  8:58  Hatchery  
  59  9:04  Hatchery  
  59  9:05  Grooved Spines  
  58  9:11  Lair  
  58  9:12  Drone  
  58  9:13  Drone  
  58  9:16  Drone x2  
  62  9:18  Drone  
  62  9:20  Drone  
  62  9:29  Hatchery  
  62  9:33  Drone x2  
  62  9:35  Drone x2, Extractor  
  65  9:44  Queen  
  67  9:47  Hydralisk x2  
  71  9:57  Hydralisk x2  
  75  10:06  Hydralisk  
  77  10:14  Muscular Augments  
  77  10:16  Drone x2  
  77  10:20  Queen  
  81  10:23  Roach x3  
  81  10:24  Overseer  
  87  10:29  Infestor  
  87  10:35  Drone x2  
  84  10:43  Roach x2  
  84  10:44  Roach x2  
  91  10:55  Roach x4  
  91  10:57  Roach x3  
  106  11:03  Roach x2  
  110  11:05  Roach x2  
Show
View Real Time Build Order
Export as new Build Order

Future Terran - Winner!

Build Orders: Command Center First 

Get SALT Encoding   

  12  0:00  SCV  
  13  0:12  SCV  
  14  0:19  Supply Depot  
  14  0:24  SCV  
  15  0:41  SCV  
  16  0:53  SCV  
  17  1:02  Command Center  
  17  1:05  SCV  
  18  1:14  Barracks  
  18  1:17  SCV  
  19  1:22  Refinery  
  19  1:29  SCV  
  19  1:31  Refinery  
  20  1:42  SCV  
  22  1:54  SCV  
  22  2:00  Marine  
  23  2:07  Orbital Command  
  23  2:10  Factory  
  23  2:16  Orbital Command  
  23  2:21  Barracks Reactor  
  23  2:31  Refinery  
  23  2:32  SCV  
  24  2:42  SCV  
  25  2:44  SCV  
  26  2:54  SCV  
  26  2:56  SCV  
  28  3:01  Starport  
  28  3:02  Starport  
  28  3:04  Hellion  
  30  3:10  SCV  
  30  3:12  SCV  
  31  3:19  Supply Depot  
  31  3:22  SCV  
  31  3:24  SCV  
  31  3:25  Cyclone  
  35  3:30  Cyclone  
  37  3:34  SCV  
  37  3:39  Starport Tech Lab x2  
  37  3:40  SCV  
  39  3:44  Supply Depot  
  39  3:48  SCV  
  40  3:52  SCV  
  40  3:53  Supply Depot  
  41  4:00  SCV  
  42  4:04  SCV  
  42  4:05  Banshee x2  
  49  4:13  SCV  
  49  4:17  Cyclone, SCV  
  53  4:18  Cyclone  
  53  4:19  Hyperflight Rotors  
  53  4:21  Supply Depot  
  53  4:24  Supply Depot  
  55  4:25  SCV  
  55  4:29  SCV  
  57  4:37  SCV  
  58  4:41  SCV  
  59  4:50  Banshee x2  
  65  4:53  SCV x2  
  65  4:56  Refinery  
  65  4:58  Supply Depot  
  67  5:00  Cyclone x2  
  67  5:02  Cloaking Field  
  71  5:07  SCV x2  
  71  5:13  Supply Depot  
  73  5:23  Command Center  
  73  5:33  Banshee x2  
  81  5:35  Cyclone  
  81  5:37  Cyclone  
  83  5:42  Supply Depot  
  83  5:44  SCV x2  
  83  5:45  Supply Depot  
  85  5:56  SCV x2  
  87  5:57  Factory  
  87  6:01  Factory  
  87  6:07  Supply Depot  
  87  6:08  SCV x2  
  87  6:10  Hellion x2  
  93  6:21  Banshee x2  
  99  6:25  SCV  
  99  6:26  SCV  
  99  6:29  Supply Depot  
  101  6:38  Hellion, SCV x2  
  101  6:39  Hellion  
  107  6:44  Factory  
  107  6:45  Factory Tech Lab x2  
  107  6:46  Factory  
  107  6:50  SCV x2  
  109  6:56  Refinery  
  109  6:57  Supply Depot  
  109  6:58  Refinery  
  109  7:02  Cyclone x2, SCV x2  
  109  7:05  Orbital Command  
  115  7:09  Cyclone x2  
  115  7:14  SCV  
  120  7:22  SCV  
  121  7:24  Banshee  
  121  7:27  SCV  
  121  7:30  Supply Depot x2  
  121  7:36  Cyclone x2  
  115  7:39  SCV x2  
  105  7:45  SCV  
  105  7:51  SCV  
  104  7:53  Cyclone  
  106  8:00  Infernal Pre-Igniter, SCV x2  
  106  8:03  Hurricane Engines  
  106  8:04  SCV  
  99  8:08  Banshee  
  99  8:12  SCV  
  86  8:13  SCV  
  86  8:16  SCV  
  83  8:22  Hellion x3  
  83  8:24  SCV  
  83  8:25  SCV  
  91  8:28  SCV  
  91  8:31  Cyclone  
  88  8:36  SCV  
  88  8:38  SCV  
  88  8:40  SCV  
  84  8:48  Hellion, SCV  
  84  8:49  Factory Tech Lab, Hellion, Factory Reactor  
  84  8:50  SCV  
  84  8:53  SCV  
  89  9:00  SCV, Refinery  
  89  9:02  SCV  
  91  9:03  Siege Tank, Command Center  
  91  9:05  SCV  
  95  9:12  Siege Tank x2, SCV  
  95  9:14  Hellion, SCV  
  100  9:17  SCV  
  100  9:19  Hellion  
  102  9:24  SCV  
  102  9:29  Hellion x2  
  107  9:35  Siege Tank, Hellion  
  107  9:36  Armory  
  112  9:38  Armory  
  112  9:40  Engineering Bay  
  112  9:42  Hellion  
  112  9:44  Siege Tank  
  117  9:53  Hellion x2  
  117  9:54  Siege Tank  
  117  9:56  SCV x3  
  127  10:05  Hellion x2  
  131  10:08  SCV x3  
  131  10:09  Refinery  
  131  10:10  Refinery  
  131  10:12  Siege Tank  
  137  10:16  Siege Tank  
  137  10:20  SCV x2  
  142  10:21  Supply Depot  
  142  10:22  Missile Turret  
  142  10:23  Sensor Tower  
  142  10:24  Missile Turret  
  142  10:27  Siege Tank  
  145  10:29  Missile Turret, SCV  
  145  10:32  SCV  
  145  10:34  Hellion x2  
  151  10:38  Supply Depot, SCV  
  151  10:41  SCV  
  150  10:44  SCV  
  150  10:46  Hellion  
  153  10:50  SCV  
  152  11:05  Hellion x2  
Tags
 
Add a new tag
Caveats
  • Supply blocks, unpowered buildings, or Contaminate may cause inaccurate times.
  • Supply counts are checked every 10 seconds.